 Dungeon Crawl Stone Soup version 0.27-a0-789-g6bb3289e1e (webtiles) character file.

Game seed: 2671247230510949259

11906 dickylongcocking the Fighter (level 11, -8/86 HPs)
             Began as a Djinni Fire Elementalist on Mar 27, 2021.
             Was an Elder of Makhleb.
             Hit by a large rock thrown by a cyclops (35 damage)
             ... on level 12 of the Dungeon.
             The game lasted 00:16:14 (14944 turns).

dickylongcocking the Fighter (DjFE)                Turns: 14944, Time: 00:16:14

Health: -8/86      AC:  6    Str:  7    XL:     11   Next: 85%
Gold:   452        EV: 12    Int: 19    God:    Makhleb [****..] SH:  0 Dex: 15

rFire    + + +     SeeInvis .   M - staff of fire
rCold    . . .     Faith    .   (no shield)
rNeg     . . .     Spirit   .   D - +1 leather armour {rF+}
rPois    ∞         Reflect  .   F - +0 helmet
rElec    .         Harm     .   (no cloak)
rCorr    .         Rampage  .   (no gloves)
Will     +....                  (boots unavailable)
Stlth    ++........             d - amulet of regeneration
HPRegen  1.24/turn              y - ring of wizardry
MPRegen  0.00/turn              e - ring of ice

@: about to teleport, flying
A: fire resistance 2, cold vulnerability 1, float, innate caster, hp casting,
extra vitality 1
a: Renounce Religion, Minor Destruction, Lesser Servant of Makhleb, Major
Destruction


You were on level 12 of the Dungeon.
You worshipped Makhleb.
Makhleb was greatly pleased with you.
You visited 2 branches of the dungeon, and saw 13 of its levels.

You collected 494 gold pieces.
You spent 42 gold pieces at shops.

Inventory:

Hand Weapons
 n - the +10 long sword "Djinni's Curse" {vorpal, rPois rF+ Int+3}
   (You found it on level 9 of the Dungeon)

   It inflicts extra damage upon your enemies.
   It affects your intelligence (+3).
   It protects you from fire.
   It protects you from poison.
 o - a +0 scimitar
Armour
 a - a +0 robe
 c - a +2 scale mail of fire resistance
 C - a +0 ring mail
 D - a +1 leather armour of fire resistance (worn)
 F - a +0 helmet (worn)
Magical Staves
 M - a staff of fire (weapon)
Jewellery
 d - an amulet of regeneration (around neck)
 e - a ring of ice (left hand)
 f - an amulet of faith
 g - a ring of flight
 l - a ring of protection from fire
 s - a ring of positive energy
 y - a ring of wizardry (right hand)
 I - a ring of protection from fire
 L - an amulet of magic regeneration
 N - a ring of ice
Wands
 p - a wand of acid (10)
 t - a wand of flame (20)
 z - a wand of paralysis (23)
 E - a wand of charming (11)
 G - a wand of digging (5)
Scrolls
 b - 2 scrolls of magic mapping {unknown}
 h - 2 scrolls of blinking {unknown}
 i - 2 scrolls of teleportation
 j - 2 scrolls of fog {unknown}
 m - 8 scrolls of identify {unknown}
 v - 2 scrolls of amnesia {unknown}
 x - a scroll of enchant armour {unknown}
 A - a scroll of fear {unknown}
 B - a scroll of immolation {unknown}
 J - a scroll of holy word {unknown}
Potions
 k - 2 potions of haste
 q - 2 potions of attraction {unknown}
 r - a potion of magic {unknown}
 u - a potion of degeneration {unknown}
 w - a potion of heal wounds {unknown}
 H - 2 potions of curing
 K - a potion of berserk rage


   Skills:
 * Level 10.5 Fighting
 * Level 5.1 Long Blades
 * Level 9.1 Armour
 - Level 2.3 Dodging
 - Level 1.6 Stealth
 * Level 9.5 Spellcasting


You couldn't memorise any spells.
You knew the following spells:

 Your Spells              Type           Power      Damage    Failure   Level
a - Foxfire               Conj/Fire      100%       2x1d9     1%          1
b - Conjure Flame         Conj/Fire      61%        6-21      1%          3
c - Inner Flame           Hex/Fire       61%        N/A       1%          3
d - Iskenderun's Mystic   Conj/Tloc      45%        2d10      1%          4
e - Fireball              Conj/Fire      30%        3d13      2%          5
f - Beastly Appendage     Tmut           90%        N/A       1%          1
g - Corpse Rot            Necr/Air       N/A        N/A       1%          2
h - Spider Form           Tmut/Pois      22%        N/A       1%          3
i - Passage of Golubria   Tloc           N/A        N/A       1%          4
z - Sticky Flame          Conj/Fire      61%        2d8       1%          4
Your spell library was empty.

Dungeon Overview and Level Annotations

Branches:
Dungeon (12/15)            Temple (1/1) D:5            Lair (0/6) D:11
    Orc (0/2) D:11

Altars:
Ashenzari
Cheibriados
Dithmenos
Elyvilon
Fedhas
Gozag
Hepliaklqana
Kikubaaqudgha
Makhleb
Nemelex Xobeh
Okawaru
Qazlal
Ru
Sif Muna
Trog
Uskayaw
Vehumet
Wu Jian
Xom
Yredelemnul
Zin
The Shining One
Beogh

Shops:
D:2 :?[[*


Innate Abilities, Weirdness & Mutations

You are immune to poison.
Your flesh is very heat resistant. (rF++)
You are vulnerable to cold. (rC-)
You float through the air rather than walking.
You learn spells naturally, not from books.
Your magical power is your life essence.
You have superior vitality. (+4 HP)


Message History

The eight-headed hydra is lightly wounded.
The eight-headed hydra is covered in liquid flames!
The eight-headed hydra burns!
The eight-headed hydra is engulfed in blazing flames.
The eight-headed hydra bites you!
The eight-headed hydra barely misses you. x2
The eight-headed hydra misses you.
The eight-headed hydra bites you but does no damage.
The eight-headed hydra misses you. x2; The eight-headed hydra bites you.
Unknown command.
The eight-headed hydra burns!
The eight-headed hydra is engulfed in blazing flames.
Unknown command.
You hit the eight-headed hydra.
The eight-headed hydra is heavily wounded.
The eight-headed hydra burns!
The gnoll hits you but does no damage.
The eight-headed hydra barely misses you.
The eight-headed hydra bites you! x2; The eight-headed hydra misses you.
The eight-headed hydra bites you!
The eight-headed hydra bites you but does no damage.
The eight-headed hydra barely misses you.
The eight-headed hydra bites you!
Unknown command.
Okay, then.
Okay, then.
The eight-headed hydra burns!
The gnoll hits you with a +0 whip!
* * * LOW HITPOINT WARNING * * *
Unknown command.
The eight-headed hydra burns!
The gnoll barely misses you.
A cyclops comes into view.
The eight-headed hydra burns!
The eight-headed hydra stops burning.
Found a stone staircase leading down.
You see here a +0 club.
As you read the scroll of teleportation, it crumbles to dust.
You feel strangely unstable. The gnoll hits you with a +0 whip.
* * * LOW HITPOINT WARNING * * *
Unknown command.
Unknown command.
The cyclops throws a large rock.
The large rock hits you!!
You die...

. #........
#........
#........
########........
#.............
#....<..)C...
#......°..###.##
#....)○°@......#
#....°.g.......#
#.....D........#
########.......#
#........
#.......#
#.......#
#....>..#
#######


You could see an eight-headed hydra, a cyclops and a gnoll.

Vanquished Creatures
  2 hydras
  Erica (D:10)
  Nergalle (D:11)
  A wizard (D:11)
  The ghost of durn the Thaumaturge, a novice DESu of Hepliaklqana (D:11)
  A gargoyle (D:11)
  An unseen horror (D:8)
  A troll (D:11)
  The ghost of Drazool the Sneak, an amateur FoDe of Hepliaklqana (D:4)
  A vampire (D:11)
  3 spriggans (D:11)
  A water elemental (D:11)
  10 yaks (D:10)
  A wyvern (D:8)
  A steam dragon (D:7)
  5 vampire mosquitoes (D:11)
  A water moccasin (D:7)
  A sky beast (D:7)
  5 orc warriors
  2 black bears
  4 necrophages
  3 wolves (D:11)
  2 ogres
  3 centaurs
  5 kobold brigands
  7 bullfrogs
  2 gnoll sergeants
  A water moccasin zombie (D:5)
  2 scorpions (D:5)
  2 killer bees
  3 howler monkeys
  2 electric eels (D:11)
  A bullfrog zombie (D:6)
  3 centaur zombies
  3 hounds
  5 orc priests
  A bullfrog skeleton (D:5)
  2 jellies
  3 gnoll shamans
  A centaur skeleton (D:6)
  3 iguanas
  7 orc wizards
  A hound skeleton (D:4)
  3 howler monkey zombies
  6 adders
  24 gnolls
  A shadow imp (D:6)
  3 white imps
  3 ufetubi
  2 adder skeletons (D:4)
  25 orcs
  3 bats
  5 endoplasms
  2 giant cockroaches
  6 hobgoblins
  5 quokkas
  5 ball pythons
  2 frilled lizards
  5 goblins
  A goblin skeleton (D:6)
  A goblin zombie (D:6)
  A hobgoblin zombie (D:6)
  21 kobolds
  2 kobold skeletons (D:6)
  3 orc skeletons (D:6)
  3 rats (D:2)
239 creatures vanquished.

Vanquished Creatures (others)
  An orc wizard (D:8)
  2 orcs (D:8)
  668 foxfires
  2 fungi (D:11)
  A plant (D:11)
674 creatures vanquished.

Grand Total: 913 creatures vanquished

Notes
Turn   | Place    | Note
-------+----------+-------------------------------------------
     0 | D:1      | dickylongcocking the Djinni Fire Elementalist began the
                  | quest for the Orb.
     0 | D:1      | Reached XP level 1. HP: 15/15 MP: 0/0
   571 | D:1      | Reached XP level 2. HP: 16/21 MP: 0/0
  1307 | D:2      | Reached skill level 1 in Fighting
  1309 | D:2      | Reached XP level 3. HP: 22/27 MP: 0/0
  1309 | D:2      | Learned a level 1 spell: Beastly Appendage
  1387 | D:2      | Found Nophaips's Magic Scroll Shoppe.
  1407 | D:2      | Bought a scroll of teleportation for 42 gold pieces
  1516 | D:2      | Found Pein's Antique Armour Boutique.
  1516 | D:2      | Found Ongilut's General Store.
  1672 | D:2      | Found Lemaudum's Antique Armour Shop.
  1787 | D:2      | Found Uphiefip's Book Emporium.
  2545 | D:3      | Reached skill level 2 in Fighting
  2545 | D:3      | Reached XP level 4. HP: 23/33 MP: 0/0
  3000 | D:3      | Found a bloodstained altar of Trog.
  3103 | D:3      | Found an opulent altar of Gozag.
  3118 | D:3      | Found a snail-covered altar of Cheibriados.
  3126 | D:3      | Found a sacrificial altar of Ru.
  3131 | D:3      | Found an ornate altar of the Wu Jian Council.
  3139 | D:3      | Found a shimmering altar of Xom.
  3215 | D:4      | Found a runed translucent door.
  3216 | D:4      | Noticed a bullfrog
  3218 | D:4      | Noticed Drazool's ghost (amateur FoDe)
  3238 | D:4      | Reached XP level 5. HP: 30/39 MP: 0/0
  3238 | D:4      | Learned a level 2 spell: Corpse Rot
  3243 | D:4      | Reached skill level 3 in Fighting
  4997 | D:5      | Entered Level 5 of the Dungeon
  5449 | D:4      | Reached XP level 6. HP: 18/46 MP: 0/0
  5837 | D:5      | Reached skill level 4 in Fighting
  6228 | D:5      | Found a staircase to the Ecumenical Temple.
  6228 | D:5      | Noticed a necrophage
  6243 | D:5      | Killed a necrophage
  6259 | D:5      | Reached skill level 5 in Spellcasting
  6259 | D:5      | Reached XP level 7. HP: 46/53 MP: 0/0
  6259 | D:5      | Learned a level 3 spell: Spider Form
  6490 | Temple   | Entered the Ecumenical Temple
  6718 | Temple   | Became a worshipper of Makhleb the Destroyer
  7457 | D:5      | Reached skill level 5 in Fighting
  8342 | D:6      | Reached skill level 1 in Armour
  8395 | D:6      | Reached XP level 8. HP: 48/61 MP: 0/0
  8411 | D:6      | Found a glowing golden altar of the Shining One.
  9012 | D:6      | Reached skill level 6 in Fighting
  9110 | D:6      | Reached * piety under Makhleb
 10147 | D:7      | Reached XP level 9. HP: 52/67 MP: 0/0
 10147 | D:7      | Learned a level 4 spell: Passage of Golubria
 10167 | D:7      | Reached skill level 7 in Fighting
 10519 | D:7      | Reached skill level 5 in Armour
 10880 | D:8      | Reached ** piety under Makhleb
 10938 | D:8      | Reached skill level 8 in Fighting
 11410 | D:8      | Killed an unseen horror
 11411 | D:8      | Reached XP level 10. HP: 38/77 MP: 0/0
 11943 | D:9      | Reached *** piety under Makhleb
 12066 | D:9      | Identified the +10 long sword "Djinni's Curse" {vorpal,
                  | rPois rF+ Int+3}
 12592 | D:10     | Entered Level 10 of the Dungeon
 12634 | D:10     | Reached skill level 9 in Fighting
 12641 | D:10     | Reached skill level 1 in Long Blades
 12643 | D:10     | Noticed Erica
 12656 | D:10     | Killed Erica
 13624 | D:10     | Found an iron altar of Okawaru.
 13786 | D:11     | Noticed a five-headed hydra
 13812 | D:11     | Killed a five-headed hydra
 13813 | D:11     | Reached XP level 11. HP: 79/85 MP: 0/0
 13813 | D:11     | Learned a level 4 spell: Iskenderun's Mystic Blast
 13859 | D:11     | Noticed Nergalle
 13876 | D:11     | Killed Nergalle
 13908 | D:11     | Noticed a wizard
 13911 | D:11     | Killed a wizard
 13912 | D:11     | Reached skill level 10 in Fighting
 13938 | D:11     | Found a staircase to the Lair.
 14258 | D:11     | Found a staircase to the Orcish Mines.
 14390 | D:11     | Found a runed translucent door.
 14391 | D:11     | Identified the +3 trident of Mousuiti {freeze, *Corrode
                  | +Blink Str+6 SInv}
 14392 | D:11     | Noticed durn's ghost (novice DESu)
 14657 | D:4      | Killed Drazool's ghost
 14886 | D:11     | Killed durn's ghost
 14925 | D:12     | Noticed a seven-headed hydra
 14930 | D:12     | Reached **** piety under Makhleb
 14930 | D:12     | Noticed an eight-headed hydra
 14933 | D:12     | Killed a seven-headed hydra
 14934 | D:12     | Reached skill level 5 in Long Blades
 14939 | D:12     | Noticed a cyclops
 14944 | D:12     | Hit by a large rock thrown by a cyclops

Illustrated notes

Levels and vault maps discovered:
D:1:      doesnt_arrival_eight_statues, layout_basic
D:2:      layout_basic, serial_shops, shop, shop, nicolae_shop_behind_doors,
          shop, shop, minmay_tree_intersection, corexii_shack
D:3:      layout_basic, grunt_temple_overflow_octagram, lemuel_round_altar,
          nrook_mini_vaults
D:4:      layout_cave_pods, ebering_ghost_sewer_d
D:5:      layout_basic, minmay_temple_entry_glass
D:6:      layout_cave_pods, st_stairs_13, nicolae_tso_besieged_by_evil
D:7:      layout_loops_ring, minmay_misc_feat_pillars,
          kennysheep_opposing_triangles
D:8:      minmay_thick_lines, layout_rooms, st_stairs_10
D:9:      layout_roguey
D:10:     layout_basic, basic_altar, minmay_misc_feat_room,
          grunt_decor_junction, lemuel_flame_loot_1, uniq_erica
D:11:     nicolae_whirlpool, layout_long_grid, erik_lair_island,
          minmay_orc_entry_temple_small, ebering_ghost_funeral_grove,
          uniq_nergalle
D:12:     layout_rooms, gammafunk_ghost_split
Temple:   minmay_temple_curvy_branch

Skill      XL: |  1  2  3  4  5  6  7  8  9 10 11 |
---------------+----------------------------------+-----
Spellcasting   | 3 4 5 6 7 8 9 |  9.5
Fighting       | 1 2 3 4 5 6 8 9 10 | 10.5
Armour         | 1 4 6 8 9 |  9.1
Long Blades    | 3 5 |  5.1
Dodging        | |  2.3
Stealth        | |  1.6

Action                   |  1- 3 |  4- 6 |  7- 9 | 10-12 || total
-------------------------+-------+-------+-------+-------++-------
Melee: Unarmed           |     9 |     1 |       |       ||    10
       Scimitar          |       |    57 |    90 |    42 ||   189
       Long sword        |       |       |       |    16 ||    16
       Staff             |       |       |       |     6 ||     6
 Cast: Foxfire           |    73 |    69 |   231 |    42 ||   415
       Beastly Appendage |       |     5 |       |       ||     5
       Fireball          |       |       |     3 |    62 ||    65
       Sticky Flame      |       |       |       |    20 ||    20
       Inner Flame       |       |       |       |     5 ||     5
       Iskenderun's Myst |       |       |       |     4 ||     4
Evoke: Wand              |       |       |     6 |     5 ||    11
  Use: Potion            |       |     4 |     2 |     5 ||    11
       Scroll            |       |       |       |     1 ||     1
 Stab: Paralysed         |       |       |     6 |       ||     6
Armor: Robe              |    11 |    11 |    15 |       ||    37
       Ring mail         |       |       |    40 |    41 ||    81
       Skin              |       |       |       |    19 ||    19
       Leather armour    |       |       |       |    13 ||    13
Dodge: Dodged            |    17 |    80 |   150 |   102 ||   349
       Rpst.: Scimitar   |       |    22 |    35 |    11 ||    68
       Long sword        |       |       |       |     9 ||     9

Table legend: (Time is in decaauts)
 A = Elapsed time spent in this place.
 B = Non-inter-level travel time spent in this place.
 C = Inter-level travel time spent in this place.
 D = Time resting spent in this place.
 E = Time spent auto-exploring this place.
 F = Levels seen in this place.
 G = Mean time per level.
                   A        B        C        D        E       F      G
               +--------+--------+--------+--------+--------+-----+--------+
         Total |  15005 |  14304 |    701 |   1957 |  10489 |  13 | 1154.2 |
       Dungeon |  14751 |  14074 |    677 |   1957 |  10268 |  12 | 1229.2 |
        Temple |    253 |    229 |     24 |      0 |    221 |   1 |  253.0 |
               +--------+--------+--------+--------+--------+-----+--------+

Top non-repeatable levels by time:
     D:5: 2567 daAuts
     D:4: 2520 daAuts
     D:6: 1695 daAuts
     D:3: 1294 daAuts
    D:10: 1205 daAuts
     D:1: 1169 daAuts
     D:7: 945 daAuts
     D:8: 917 daAuts
     D:9: 902 daAuts
    D:11: 769 daAuts
     D:2: 747 daAuts
  Temple: 253 daAuts
    D:12: 19 daAuts
